 Dungeon Crawl Stone Soup version 0.24-a0-411-g4df2b1290f (webtiles) character file.

Game seed: 2557536061748567528

253 MachJacob the Conjurer (level 5, -1/38 HPs)
             Began as a Draconian Conjurer on June 6, 2019.
             Was an Initiate of Fedhas.
             Slain by a water moccasin skeleton (7 damage)
             ... on level 6 of the Dungeon.
             The game lasted 00:15:09 (4328 turns).

MachJacob the Conjurer (Draconian Conjurer)         Turns: 4328, Time: 00:15:09

Health: -1/38      AC:  6    Str: 11    XL:     5   Next: 90%
Magic:  0/9        EV: 13    Int: 16    God:    Fedhas [......]
Gold:   189        SH:  0    Dex: 11    Spells: 4/10 levels left

rFire    . . .     SeeInvis .   a - +0 dagger
rCold    . . .     Gourm    .   (no shield)
rNeg     . . .     Faith    .   (armour unavailable)
rPois    +         Spirit   .   (helmet restricted)
rElec    .         Reflect  .   f - +0 cloak {rPois}
rCorr    .         Harm     .   (no gloves)
MR       .....                  (no boots)
Stlth    ++........             (no amulet)
HPRegen  0.12/turn              (no ring)
MPRegen  0.11/turn              (no ring)

@: no status effects
A: unfitting armour, cold-blooded, AC +5
a: Fungal Bloom, Renounce Religion


You were on level 6 of the Dungeon.
You worshipped Fedhas.
Fedhas was noncommittal.
You were not hungry.

You visited 2 branches of the dungeon, and saw 5 of its levels.

You collected 189 gold pieces.

Inventory:

Hand Weapons
 a - a +0 dagger (weapon)
Missiles
 k - 6 curare-tipped darts {!f}
 o - 3 stones (quivered)
Armour
 f - a +0 cloak of poison resistance (worn)
Jewellery
 i - an uncursed amulet of harm {unknown}
Wands
 n - a wand of iceblast (8)
 q - a wand of paralysis (10)
Scrolls
 c - a scroll of remove curse
 h - a scroll of teleportation {unknown}
 r - a scroll of blinking {unknown}
 s - a scroll of amnesia {unknown}
Potions
 d - 2 potions of haste
 e - 2 potions of brilliance {unknown}
 j - a potion of curing
 l - a potion of invisibility {unknown}
 p - a potion of degeneration {unknown}
 t - a potion of resistance {unknown}
Comestibles
 b - 6 rations


   Skills:
 + Level 3.0 Dodging
 - Level 1.7 Stealth
 + Level 3.1 Spellcasting
 * Level 5.5 Conjurations
 + Level 1.7 Hexes


You had 4 spell levels left.
You knew the following spells:

 Your Spells              Type           Power        Failure   Level  Hunger
a - Magic Dart            Conj           ###.         1%          1    None
b - Searing Ray           Conj           ###...       2%          2    ##.....
c - Dazzling Spray        Conj/Hex       ##....       12%         3    ###....

Your spell library contained the following spells:

 Spells                   Type           Power        Failure   Level  Hunger
 Iskenderun's Mystic Bla  Conj           ###.....     19%         4    ####...
 Fulminant Prism          Conj/Hex       ##........   38%         4    ####...
 Force Lance              Conj/Tloc      ##......     50%         4    ####...


Dungeon Overview and Level Annotations

Branches:
Dungeon (6/15)             Temple (1/1) D:6

Altars:
Ashenzari
Dithmenos
Elyvilon
Fedhas
Gozag
Hepliaklqana
Kikubaaqudgha
Makhleb
Nemelex Xobeh
Okawaru
Qazlal
Trog
Uskayaw
Vehumet
Zin


Innate Abilities, Weirdness & Mutations

Your plain brown scales are hard. (AC +5)
You cannot fit into any form of body armour.
You are cold-blooded and may be slowed by cold attacks.


Message History

The water moccasin skeleton is severely damaged.
The water moccasin skeleton closely misses you.
The water moccasin skeleton barely misses you.
You hit the water moccasin skeleton but do no damage.
You tail-slap the water moccasin skeleton.
The water moccasin skeleton is almost destroyed.
The water moccasin skeleton bites you!
* * * LOW HITPOINT WARNING * * *
Nothing appears to happen.
The water moccasin skeleton bites you.
* * * LOW HITPOINT WARNING * * *
Okay, then.
You hit the water moccasin skeleton but do no damage.
The water moccasin skeleton is almost destroyed.
The water moccasin skeleton closely misses you.
You hit the water moccasin skeleton.
You tail-slap the water moccasin skeleton.
The water moccasin skeleton is almost destroyed.
The water moccasin skeleton bites you!
You die...
Fedhas appreciates your contribution to the ecosystem.

#.....^....######.#### #
#....................#######
#................(..........
#.............####...(###...
#..........##.# #....#...#.
#......((..##.# #....#.#...
########+#.##.# #....#...#.
#....##.#####.........
#....@....# ##.######.
#...Z#########..#####.
#.....................
#..........####..#####
#..........# ##......
#..........# #......
#..........# ##.....
#..........# #.....
#..........# #.....


You could see a water moccasin skeleton.

Vanquished Creatures
  A crimson imp (Temple)
  7 gnolls (D:2 D:1 D:3)
  7 adders (D:1 D:2 D:3)
  An ooze (D:2)
  A worm (D:2)
  3 dart slugs (D:1 D:2)
  2 leopard geckos (D:1 D:2)
  2 ball pythons (D:3)
  6 giant cockroaches (D:1 D:2 D:3)
  5 goblins (D:1 D:2)
  10 hobgoblins (D:1 D:2 D:3)
  A quokka (D:3)
  10 bats (D:1 D:2)
  3 frilled lizards (D:1 D:3)
  10 kobolds (D:1 D:2 D:3)
  9 rats (D:1 D:2 D:3)
78 creatures vanquished.

Vanquished Creatures (others)
  2 fungi (D:2)
2 creatures vanquished.

Grand Total: 80 creatures vanquished

Notes
Turn   | Place    | Note
-------+----------+-------------------------------------------
     0 | D:1      | MachJacob the Draconian Conjurer began the quest for the
                  | Orb.
     0 | D:1      | Reached XP level 1. HP: 14/14 MP: 3/3
   454 | D:1      | Reached XP level 2. HP: 20/20 MP: 0/5
   511 | D:1      | Learned a level 2 spell: Searing Ray
  1332 | D:1      | Reached XP level 3. HP: 26/26 MP: 4/6
  1498 | D:1      | Learned a level 3 spell: Dazzling Spray
  1802 | D:2      | Found a blossoming altar of Fedhas.
  1808 | D:2      | Found a stormy altar of Qazlal.
  1866 | D:2      | Became a worshipper of Fedhas Madash
  1936 | D:2      | Reached XP level 4. HP: 33/33 MP: 0/7
  2297 | D:2      | Reached skill level 5 in Conjurations
  2297 | D:2      | Reached skill level 1 in Hexes
  3036 | D:2      | Found a sparkling altar of Nemelex Xobeh.
  3106 | D:2      | Reached XP level 5. HP: 38/38 MP: 2/9
  3539 | D:3      | Found an ancient bone altar of Kikubaaqudgha.
  3827 | D:3      | You fall into a shaft and drop 3 floors!
  3898 | D:6      | Found a staircase to the Ecumenical Temple.
  4006 | Temple   | Entered the Ecumenical Temple
  4328 | D:6      | Slain by a water moccasin skeleton

Levels and vault maps discovered:
D:1:      dpeg_chamrin_arrival_tetris, layout_basic,
          chequers_hall_statues_wall_a
D:2:      layout_basic, grunt_temple_overflow_forces_of_nature, first_ration,
          nemelex_altar_shiori
D:3:      layout_basic, kiku_gazebo_garden_becter, cheibrodos_sewer_entry_bend,
          minmay_fractal_squares_5
D:6:      layout_basic, lemuel_zombie_altar_yredelemnul,
          overflow_temple_1_default, lemuel_round_altar,
          minmay_temple_entry_sparse_star
Temple:   minmay_temple_bridge_abc

Skill      XL: |  1  2  3  4  5 |
---------------+----------------+-----
Dodging        | 2 3 |  3.0
Conjurations   | 5 |  5.5
Hexes          | 1 |  1.7
Spellcasting   | 3 |  3.1
Stealth        | |  1.7

Action                   |  1- 3 |  4- 6 || total
-------------------------+-------+-------++-------
Melee: Unarmed           |     1 |       ||     1
       Dagger            |    20 |   105 ||   125
       Tailslap          |     6 |    17 ||    23
Throw: Stone             |       |     9 ||     9
 Cast: Magic Dart        |    94 |   139 ||   233
       Searing Ray       |     1 |     2 ||     3
Invok: Fungal Bloom      |       |     1 ||     1
  Use: Scroll            |       |     5 ||     5
  Eat: Chunk             |     4 |     7 ||    11
       Ration            |       |     1 ||     1
Armor: Skin              |    15 |    42 ||    57
Dodge: Dodged            |    15 |    91 ||   106

Table legend:
 A = Non-vault XP
 B = Vault XP
 C = Vault XP percentage of total XP
 D = Non-vault monster count
 E = Vault monster count
 F = Vault count percentage of total count
                 A         B        C        D         E       F
            +---------+---------+-------+---------+---------+-------
      Total |     329 |      33 |   9.1 |      72 |       6 |   7.7
            +---------+---------+-------+---------+---------+-------
        D:1 |      84 |       0 |   0.0 |      29 |       0 |   0.0
        D:2 |     134 |       0 |   0.0 |      28 |       0 |   0.0
        D:3 |      61 |      33 |  35.1 |      14 |       6 |  30.0
     Temple |      50 |       0 |   0.0 |       1 |       0 |   0.0
            +---------+---------+-------+---------+---------+-------
